 Dungeon Crawl Stone Soup version 0.25-a0-583-g696c2ac64d (webtiles) character file.

Game seed: 842428754490070148, levelgen mode: deterministic

70 An17 the Insei (level 4, -1/22 HPs)
             Began as a Vine Stalker Transmuter on Mar 8, 2020.
             Succumbed to Robin's poison
             ... on level 2 of the Dungeon.
             The game lasted 00:05:00 (1249 turns).

An17 the Insei (Vine Stalker Transmuter)            Turns: 1249, Time: 00:05:01

Health: -1/22      AC:  3    Str: 16    XL:     4   Next: 21%
Magic:  1/9        EV: 12    Int: 14    God:
Gold:   91         SH:  0    Dex: 14    Spells: 2/8 levels left

rFire    . . .     SeeInvis .     - Unarmed
rCold    . . .     Gourm    .   (no shield)
rNeg     . . .     Faith    .   b - +1 robe
rPois    .         Spirit   +   (no helmet)
rElec    .         Reflect  .   (no cloak)
rCorr    .         Harm     .   (no gloves)
MR       +....                  (no boots)
Stlth    +.........             (no amulet)
HPRegen  0.47/turn              g - +3 ring of strength
MPRegen  0.11/turn              j - ring of protection from magic

@: lethally poisoned (-1 -> -6), about to teleport
A: fangs 2, regeneration 1, magic shield, antimagic bite, no potion heal 3, rot
immunity
a: no special abilities


You were on level 2 of the Dungeon.
You were not hungry.

You visited 1 branch of the dungeon, and saw 2 of its levels.

You collected 91 gold pieces.

Inventory:

Missiles
 a - 29 arrows
Armour
 b - a +1 robe (worn)
Jewellery
 g - a +3 ring of strength (left hand)
 j - a ring of protection from magic (right hand)
Scrolls
 c - a scroll of fog
Potions
 e - a potion of curing
 h - a potion of flight {unknown}
 i - a potion of cancellation {unknown}
Comestibles
 d - 2 rations


   Skills:
 + Level 1.1 Fighting
 + Level 2.2 Dodging
 + Level 3.8 Unarmed Combat
 + Level 2.7 Spellcasting
 + Level 2.4 Transmutations


You had 2 spell levels left.
You knew the following spells:

 Your Spells              Type           Power        Failure   Level  Hunger
a - Beastly Appendage     Tmut           #.....       9%          1    #......
b - Sticks to Snakes      Tmut           #.......     12%         2    ###....
c - Spider Form           Tmut/Pois      #.........   38%         3    ###....

Your spell library contained the following spells:

 Spells                   Type           Power        Failure   Level  Hunger
 Ice Form                 Ice/Tmut       #.......     80%         4    #####..
 Blade Hands              Tmut           #.........   92%         5    ######.


Dungeon Overview and Level Annotations

Branches:
Dungeon (2/15)

Altars:
Makhleb
Vehumet

Annotations:
D:2 1 runed translucent door, Crazy Yiuf, Robin


Innate Abilities, Weirdness & Mutations

You have extremely sharp teeth.
Your natural rate of healing is unusually fast.
When hurt, damage is shared between your health and your magic reserves.
Your bite disrupts and absorbs the magic of your enemies.
Potions cannot restore your health.
You are immune to rotting.


Message History

You barely miss Robin. You bite Robin, but do no damage.
You feel sick.
Robin hits you with a +1 spear of venom.
You are more poisoned.
You feel sick.
Robin hits you from afar with a +1 spear of venom.
* * * LOW HITPOINT WARNING * * *
You are more poisoned.
Things that are here:
a +0 club; a +0 dagger; a goblin corpse
* * * LOW HITPOINT WARNING * * *
You feel sick.
* * * LOW HITPOINT WARNING * * *
You feel sick.
It was a potion of curing.
Your system rejects the healing.
You feel better.
Robin hits you from afar with a +1 spear of venom.
* * * LOW HITPOINT WARNING * * *
You are lethally poisoned!
As you read the scroll of teleportation, it crumbles to dust.
You feel strangely unstable.
You die...

##########. #.
#. #> ######.#
## #)g.g..# #
#g###### # #.#
# #@# # #.# #
#.########### #
#...>.......# #
###########.# #
#.# # #.# #
#############.#
####
#.............#
#...


You could see Robin and a hobgoblin.

Vanquished Creatures
  An adder (D:2)
  2 dart slugs
  A leopard gecko (D:1)
  5 giant cockroaches
  13 goblins
  6 hobgoblins (D:2)
  3 jackals (D:1)
  3 kobolds
  2 ball pythons (D:1)
  6 bats
  4 frilled lizards (D:2)
  5 rats (D:1)
51 creatures vanquished.

Notes
Turn   | Place    | Note
-------+----------+-------------------------------------------
     0 | D:1      | An17 the Vine Stalker Transmuter began the quest for the
                  | Orb.
     0 | D:1      | Reached XP level 1. HP: 9/9 MP: 4/4
   163 | D:1      | Reached XP level 2. HP: 10/14 MP: 6/6
   167 | D:1      | Learned a level 2 spell: Sticks to Snakes
   480 | D:1      | Reached XP level 3. HP: 14/17 MP: 5/7
   485 | D:1      | Learned a level 3 spell: Spider Form
   886 | D:2      | Reached skill level 1 in Fighting
  1008 | D:2      | Gained mutation: Your natural rate of healing is unusually
                  | fast. [Vine Stalker growth]
  1008 | D:2      | Reached XP level 4. HP: 20/22 MP: 8/8
  1016 | D:2      | Found a burning altar of Makhleb.
  1017 | D:2      | Found a radiant altar of Vehumet.
  1085 | D:2      | Found a runed translucent door.
  1086 | D:2      | Noticed Crazy Yiuf
  1234 | D:2      | Noticed Robin
  1248 | D:2      | HP: 1/22 [Robin/+1 spear of venom (2)]
  1249 | D:2      | Succumbed to Robin's poison

Levels and vault maps discovered:
D:1:      dpeg_arrival_arbitrary_c, layout_loops_ring
D:2:      layout_loops_ring, chequers_temple_overflow_statue_of_worship,
          kennysheep_nondescript, uniq_crazy_yiuf_cottage, uniq_robin

Skill      XL: |  1  2  3 |
---------------+----------+-----
Dodging        | 2 |  2.2
Fighting       | 1 |  1.1
Unarmed Combat | |  3.8
Spellcasting   | |  2.7
Transmutations | |  2.4

Action                   |  1- 3 |  4- 6 || total
-------------------------+-------+-------++-------
Melee: Unarmed           |    85 |    20 ||   105
       Bite              |    15 |     5 ||    20
       Kick              |     6 |     2 ||     8
       Headbutt          |     6 |       ||     6
       Punch             |     2 |     1 ||     3
 Cast: Beastly Appendage |    16 |     2 ||    18
  Use: Scroll            |     5 |     1 ||     6
       Potion            |       |     1 ||     1
 Stab: Distracted        |     1 |       ||     1
       Sleeping          |     2 |       ||     2
  Eat: Ration            |       |     1 ||     1
Armor: Robe              |    23 |     2 ||    25
Dodge: Dodged            |    61 |    16 ||    77

Table legend:
 A = Non-vault XP
 B = Vault XP
 C = Vault XP percentage of total XP
 D = Non-vault monster count
 E = Vault monster count
 F = Vault count percentage of total count
                 A         B        C        D         E       F
            +---------+---------+-------+---------+---------+-------
      Total |      88 |      12 |  12.0 |      45 |       6 |  11.8
            +---------+---------+-------+---------+---------+-------
        D:1 |      40 |       0 |   0.0 |      23 |       0 |   0.0
        D:2 |      48 |      12 |  20.0 |      22 |       6 |  21.4
            +---------+---------+-------+---------+---------+-------
